 Dungeon Crawl Stone Soup version 0.27-a0-414-gbb19ded6d3 (webtiles) character file.

Game seed: 2116135258551598868

35 Anon1729 the Conjurer (level 3, 0/26 HPs)
             Began as a Minotaur Conjurer on Feb 24, 2021.
             Slain by Jessica
             ... wielding a +0 club
              (1 damage)
             ... on level 2 of the Dungeon.
             The game lasted 00:03:28 (2000 turns).

Anon1729 the Conjurer (Minotaur Conjurer)           Turns: 2000, Time: 00:03:29

Health: 0/26       AC:  9    Str: 11    XL:     3   Next: 16%
Magic:  3/5        EV:  8    Int: 16    God:
Gold:   79         SH:  0    Dex:  8    Spells: 5/6 levels left

rFire    x . .     SeeInvis .   (no weapon)
rCold    + + .     Faith    .   (no shield)
rNeg     . . .     Spirit   .   f - +0 ice dragon scales
rPois    .         Reflect  .   (helmet restricted)
rElec    .         Harm     .   (no cloak)
rCorr    .         Rampage  .   (no gloves)
Will     .....                  (no boots)
Stlth    ..........             (no amulet)
HPRegen  0.08/turn              (no ring)
MPRegen  0.09/turn              (no ring)

@: no status effects
A: retaliatory headbutt, horns 2
a: no special abilities


You were on level 2 of the Dungeon.
You visited 1 branch of the dungeon, and saw 2 of its levels.

You collected 79 gold pieces.

Inventory:

Armour
 a - a +0 robe
 f - +0 ice dragon scales (worn)
Scrolls
 c - 3 scrolls of identify {unknown}
 d - 2 scrolls of amnesia {unknown}
 e - a scroll of enchant weapon {unknown}
Potions
 b - a potion of magic {unknown}
 g - a potion of berserk rage {unknown}


   Skills:
 - Level 2.1 Dodging
 - Level 1.5 Stealth
 * Level 2.2 Spellcasting
 + Level 3.2 Conjurations


You had 5 spell levels left.
You knew the following spells:

 Your Spells              Type           Power        Failure   Level
a - Magic Dart            Conj           48%          43%         1

Your spell library contained the following spells:

 Spells                   Type           Power        Failure   Level
 Searing Ray              Conj           24%          58%         2
 Dazzling Flash           Conj/Hex       14%          96%         3
 Fulminant Prism          Conj/Hex       3%           100%        4
 Iskenderun's Mystic Bla  Conj/Tloc      7%           100%        4


Dungeon Overview and Level Annotations

Branches:
Dungeon (2/15)

Altars:

Annotations:
D:2 Jessica, Terence


Innate Abilities, Weirdness & Mutations

You reflexively headbutt those who attack you in melee.
You have a pair of horns on your head.


Message History

Terence hits you but does no damage.
Jessica mumbles some strange words.
Jessica blinks!
Terence hits you but does no damage.
Jessica casts a spell.
Jessica blinks!
Terence hits you but does no damage.
Your magical contamination has completely faded away.
Terence hits you but does no damage. Terence hits you but does no damage.
Terence hits you but does no damage. Terence hits you with a +0 mace.
* * * LOW HITPOINT WARNING * * *
Terence barely misses you. You furiously retaliate!
You headbutt Terence. Jessica says, "Why did you come here?"
Terence hits you but does no damage. Terence closely misses you.
Terence hits you with a +0 mace.
* * * LOW HITPOINT WARNING * * *
Terence misses you.
Jessica casts a spell.
Jessica blinks!
Terence hits you but does no damage.
Jessica gestures wildly while chanting.
Jessica blinks!
Terence closely misses you. You furiously retaliate!
You headbutt Terence, but do no damage.
Unknown command.
Unknown command.
Unknown command.
Terence hits you but does no damage.
Terence says, "Time to say good-bye..."
Terence hits you with a +0 mace.
* * * LOW HITPOINT WARNING * * *
Jessica gestures wildly while chanting.
Jessica blinks!
Jessica casts a spell.
Jessica blinks!
Terence barely misses you. You furiously retaliate!
You headbutt Terence, but do no damage. Jessica hits you with a +0 club.
You die...

+.........# #.....
#.........#####.....
#...#...............
#...#..........#####
#..(#..........#
####.#.#..##......#
#.)..#g...##......#
#.##.#@#####......#
#.##.#@# ########
#.##..@#######
####'######.....#
#......# #.....#
#....).# #.....#
#......####.....#
#.........'.....#
###########.....#
### #.....# #..


You could see Terence, Jessica (fast) and a hobgoblin.

Vanquished Creatures
  2 oozes (D:1)
  4 giant cockroaches (D:1)
  4 goblins
  4 hobgoblins (D:1)
  3 kobolds (D:1)
  2 bats (D:1)
  4 rats
23 creatures vanquished.

Vanquished Creatures (others)
  A plant (D:1)
1 creature vanquished.

Grand Total: 24 creatures vanquished

Notes
Turn   | Place    | Note
-------+----------+-------------------------------------------
     0 | D:1      | Anon1729 the Minotaur Conjurer began the quest for the Orb.
     0 | D:1      | Reached XP level 1. HP: 14/14 MP: 1/1
    26 | D:1      | Reached skill level 3 in Conjurations
   705 | D:1      | Reached XP level 2. HP: 13/20 MP: 0/3
  1400 | D:1      | Reached XP level 3. HP: 26/26 MP: 1/5
  1899 | D:2      | Noticed Jessica
  1899 | D:2      | Noticed Terence
  1998 | D:2      | HP: 1/26 [Terence/+0 mace (5)]
  2000 | D:2      | Slain by Jessica

Illustrated notes

Levels and vault maps discovered:
D:1:      tarquinn_simple_flora_water_a, layout_basic,
          chequers_serial_rivers_micro_b
D:2:      layout_basic, minmay_tetromino_i2, uniq_terence, uniq_jessica

Skill      XL: |  1  2 |
---------------+-------+-----
Conjurations   | 3 |  3.2
Spellcasting   | 2 |  2.2
Dodging        | |  2.1
Stealth        | |  1.5

Action                   || total
-------------------------++-------
Melee: Unarmed           ||     8
       Headbutt          ||     1
 Cast: Magic Dart        ||    54
Armor: Robe              ||    17
       Ice dragon scales ||    26
Dodge: Dodged            ||    64

Table legend: (Time is in decaauts)
 A = Elapsed time spent in this place.
 B = Non-inter-level travel time spent in this place.
 C = Inter-level travel time spent in this place.
 D = Time resting spent in this place.
 E = Time spent auto-exploring this place.
 F = Levels seen in this place.
 G = Mean time per level.
                   A        B        C        D        E       F      G
               +--------+--------+--------+--------+--------+-----+--------+
         Total |   2000 |   1985 |     15 |     21 |   1504 |   2 | 1000.0 |
       Dungeon |   2000 |   1985 |     15 |     21 |   1504 |   2 | 1000.0 |
               +--------+--------+--------+--------+--------+-----+--------+

Top non-repeatable levels by time:
     D:1: 1665 daAuts
     D:2: 334 daAuts
